 Dungeon Crawl Stone Soup version 0.21.0-25-ge575cb9ce8 (webtiles) character file.

224406 Rrauwl the Victor of a Thousand Battles (level 19, -5/153 HPs)
             Began as a Gnoll Warper on Jan 22, 2018.
             Was the Champion of Okawaru.
             Slain by Mara (illusionary)
             ... wielding a +0 demon whip of venom
              (19 damage)
             ... on level 3 of the Vaults on Jan 24, 2018.
             The game lasted 04:30:00 (48143 turns).

Rrauwl the Victor of a Thousand Battles (GnWr)     Turns: 48143, Time: 04:30:01

Health: -5/153     AC: 20    Str: 23    XL:     19   Next: 29%
Magic:  39/39      EV: 23    Int: 36    God:    Okawaru [******]
Gold:   1311       SH:  0    Dex: 14    Spells: 4/44 levels left

rFire    + . .     SeeInvis .   a - +4 demon whip (vamp)
rCold    + . .     Gourm    .   N - +3 shield {reflect}
rNeg     . . .     Faith    +   S - +5 ring mail "Xyguro" {rElec MR+ Int+6}
rPois    .         Spirit   .   (helmet restricted)
rElec    +         Reflect  +   B - +0 cloak
rCorr    +         Harm     .   s - +0 pair of gloves "Zeyqag" {rCorr Int+6 Slay+3}
MR       ++...     Clarity  +   y - +0 pair of boots of Classification {Int+2}
Stlth    ++........             u - amulet of faith
HPRegen  0.35/turn              c - ring of protection from fire
MPRegen  0.26/turn              L - ring of protection from cold

@: confused, mighty, heroism, silenced
A: distributed training, antennae 1, fangs 1, rugged brown scales 1, clarity,
clever 2, clumsy 1, high mp 1, strong nose
}: 1/15 runes: gossamer
a: Renounce Religion


You were on level 3 of the Vaults.
You worshipped Okawaru.
Okawaru was exalted by your worship.
You were hungry.

You visited 8 branches of the dungeon, and saw 33 of its levels.
You visited the Abyss 1 time.
You also visited: Sewer, Ossuary, Ice Cave and Volcano.

You collected 4237 gold pieces.
You spent 2926 gold pieces at shops.

Inventory:

Hand Weapons
 a - a +4 vampiric demon whip (weapon)
Missiles
 v - 9 throwing nets (quivered)
Armour
 s - the +0 pair of gloves "Zeyqag" (worn) {rCorr Int+6 Slay+3}
   (You bought it in a shop on level 1 of the Vaults)

   It affects your intelligence (+6).
   It affects your accuracy and damage with ranged weapons and melee attacks
   (+3).
   It protects you from acid and corrosion.
 y - the +0 pair of boots of Classification (worn) {Int+2}
   (You found it on level 10 of the Dungeon)

   It affects your intelligence (+2).
 B - a +0 cloak (worn)
 N - a +3 shield of reflection (worn)
 S - the +5 ring mail "Xyguro" (worn) {rElec MR+ Int+6}
   (You bought it in a shop on level 2 of the Orcish Mines)

   It affects your intelligence (+6).
   It insulates you from electricity.
   It affects your resistance to hostile enchantments.
Jewellery
 c - a ring of protection from fire (left hand)
 h - an uncursed ring of positive energy
 p - an uncursed ring of poison resistance
 u - an amulet of faith (around neck)
 w - an uncursed ring of flight
 L - a ring of protection from cold (right hand)
Wands
 k - a wand of acid (6)
 l - a wand of iceblast (16)
 q - a wand of paralysis (22)
 x - a wand of disintegration (14)
 A - a wand of digging (23)
 F - a wand of flame (63)
 V - a wand of polymorph (23)
 X - a wand of scattershot (8)
Scrolls
 g - 6 scrolls of fog
 i - 19 scrolls of identify
 j - 3 scrolls of magic mapping
 n - 11 scrolls of teleportation
 r - 11 scrolls of remove curse
 t - 3 scrolls of fear
 E - 9 scrolls of blinking
 K - 4 scrolls of summoning
 M - a scroll of holy word
Potions
 D - a potion of ambrosia
 G - 3 potions of curing
 O - 4 potions of invisibility
 Q - 4 potions of haste
 R - 5 potions of resistance
 U - a potion of berserk rage
 W - 2 potions of might
Miscellaneous
 d - a lightning rod (4/4)
 J - a fan of gales
 P - a sack of spiders
Comestibles
 e - 35 rations


   Skills:
 + Level 13.2(18.2) Fighting
 + Level 12.5(17.5) Short Blades
 + Level 12.5(17.5) Long Blades
 + Level 12.5(17.5) Axes
 + Level 12.5(17.5) Maces & Flails
 + Level 13.2(18.2) Polearms
 + Level 12.5(17.5) Staves
 + Level 12.5(17.5) Slings
 + Level 12.5(17.5) Bows
 + Level 12.5(17.5) Crossbows
 + Level 12.7(17.7) Throwing
 + Level 12.7(17.7) Armour
 + Level 13.2(18.2) Dodging
 + Level 12.5(17.5) Stealth
 + Level 12.5(17.5) Shields
 + Level 12.5(17.5) Unarmed Combat
 + Level 13.3 Spellcasting
 + Level 10.7 Conjurations
 + Level 10.7 Hexes
 + Level 10.7 Charms
 + Level 10.7 Summonings
 + Level 10.7 Necromancy
 + Level 11.9 Translocations
 + Level 10.9 Transmutations
 + Level 10.7 Fire Magic
 + Level 10.7 Ice Magic
 + Level 10.7 Air Magic
 + Level 10.7 Earth Magic
 + Level 10.7 Poison Magic
 + Level 13.5 Invocations
 + Level 12.5 Evocations


You had 4 spell levels left.
You knew the following spells:

 Your Spells              Type           Power        Failure   Level  Hunger
a - Blink                 Tloc           N/A          1%          2    None
b - Passage of Golubria   Tloc           N/A          1%          4    None
c - Sticky Flame          Conj/Fire      #######.     1%          4    None
d - Passwall              Tmut/Erth      #######...   1%          2    None
e - Swiftness             Chrm/Air       #######.     1%          2    None
f - Lee's Rapid Deconstr  Erth           #######...   1%          5    None
g - Summon Ice Beast      Ice/Summ       #######.     1%          4    None
h - Silence               Hex/Air        #######...   1%          5    None
i - Bolt of Fire          Conj/Fire      #######...   4%          6    ###....
j - Bolt of Cold          Conj/Ice       #######...   4%          6    ###....


Dungeon Overview and Level Annotations

Branches:
Dungeon (15/15)            Temple (1/1) D:5            Lair (6/6) D:8
  Swamp (0/4) Lair:3       Spider (4/4) Lair:4        Slime (0/5) Lair:5
    Orc (2/2) D:11            Elf (1/3) Orc:2        Vaults (3/5) D:14
 Depths (1/5) D:15
  Crypt: Vaults:2-3

Altars:
Ashenzari
Cheibriados
Dithmenos
Elyvilon
Fedhas
Gozag
Hepliaklqana
Kikubaaqudgha
Makhleb
Nemelex Xobeh
Okawaru
Qazlal
Ru
Sif Muna
Trog
Uskayaw
Vehumet
Wu Jian
Xom
Yredelemnul
Zin
The Shining One
Beogh
Jiyva

Shops:
D:4 [   D:5 (   D:7 (   D:12 ?   D:13 =   D:14 [   D:15 !   Orc:2 [[!!:
Vaults:1 *([*[

Annotations:
D:4 Edmund; MalkierKing's ghost, amateur MiFi
Spider:4 Asterion
Vaults:3 Mara
Depths:1 tensugalgo's ghost, adept DsFi


Innate Abilities, Weirdness & Mutations

Your experience applies equally to all skills.
You have very sharp teeth.
Your uncanny sense of smell can sniff out nearby items.
You have a pair of small antennae on your head.
You are partially covered in rugged brown scales. (AC +1, +3% HP)
You possess an exceptional clarity of mind.
Your mind is very acute. (Int +4)
You are clumsy. (Dex -2)
You have an increased reservoir of magic. (+10% MP)


Message History

You are lethally poisoned!
You block Rrauwl's illusion's attack.
* * * LOW HITPOINT WARNING * * *
You feel very sick.
Mara shimmers.
Mara shimmers and seems to become two!
You block Mara's attack.
You feel better. Mara gestures at you.
The bolt of fire hits Mara.
Mara resists.
The bolt of fire hits you! You resist.
* * * LOW HITPOINT WARNING * * *
Mara blinks!
Rrauwl's illusion hits you but does no damage.
You feel very mighty all of a sudden. Mara closely misses you.
Mara blinks!
Rrauwl's illusion hits you.
* * * LOW HITPOINT WARNING * * *
You are confused.
You feel invigorated.
Mara hits you with a demon whip of venom!!
You die...

###########+############
#.......................
#......@..R.............
#.....@.R...............
#.......R)..............
+(......................
#.....##.###############
.#..... ### .#.....
.#..... #.....


You could see 3 Maras and Rrauwl's illusion.

Vanquished Creatures
  Arachne (Spider:3)
  Agnes (Spider:4)
  A sphinx (Vaults:3)
  Donald (Spider:3)
  3 ghost moths
  A frost giant (IceCv)
  5 vault wardens
  9 emperor scorpions
  2 deep elf sorcerers
  3 ironheart preservers (Vaults:2)
  3 stone giants (Vaults:2)
  6 entropy weavers
  A deep elf annihilator (Vaults:2)
  3 deep elf demonologists
  2 dire elephants
  2 ettins
  A jiangshi (D:15)
  Josephine (Orc:1)
  2 yaktaur captains
  A crystal guardian (Vaults:3)
  2 vault guards
  3 great orbs of eyes
  Fannar (Orc:1)
  6 ogre magi
  7 hydras
  An ice dragon (Vaults:1)
  2 catoblepae
  8 two-headed ogres
  4 centaur warriors
  The ghost of MalkierKing the Cleaver, a novice MiFi of Makhleb (D:8)
  4 dancing weapons (Elf:1)
  11 death yaks
  2 tengu warriors (D:15)
  6 thrashing horrors (Abyss:4)
  A deep troll shaman (Lair:6)
  The ghost of kmx the Arsonist, a novice DsFE of Vehumet (D:9)
  An orc high priest (Orc:2)
  4 deep elf knights (Elf:1)
  A wretched star (Abyss:4)
  A sixfirhy (Abyss:4)
  An unseen horror (Abyss:4)
  5 deep elf archers
  6 ironbrand convokers
  11 orc knights
  2 necromancers
  13 deep elf magi
  34 wolf spiders
  3 harpies (Vaults:1)
  6 cyclopes
  21 orb spiders
  8 ugly things
  3 manticores
  11 orc sorcerers
  A salamander (shapeshifter) (Vaults:1)
  A slime creature (D:15)
  3 elephants (Lair:6)
  5 black mambas
  6 spiny frogs
  5 vault sentinels
  3 gargoyles
  2 torpor snails
  A molten gargoyle (Volcano)
  A smoke demon (Abyss:4)
  An ice statue (IceCv)
  2 efreet
  3 yaktaurs (Vaults:3)
  A yaktaur (shapeshifter) (D:15)
  A freezing wraith (Vaults:3)
  16 demonic crawlers
  7 rime drakes
  5 komodo dragons
  5 trolls
  16 polar bears
  Prince Ribbit (D:9)
  27 jumping spiders
  2 hornets
  8 blink frogs
  A jumping spider (shapeshifter) (Vaults:3)
  16 hippogriffs
  7 large abominations
  2 raiju (Abyss:3)
  A dream sheep (shapeshifter) (D:15)
  A black mamba zombie (Abyss:3)
  2 air elementals (Elf:1)
  97 redbacks
  3 shadows
  10 wyverns (Lair:5)
  31 tarantellas
  A water elemental (Elf:1)
  7 wraiths
  3 fire elementals
  5 fire bats (Abyss:4)
  40 yaks
  A basilisk (shapeshifter) (Vaults:2)
  A chaos spawn (Abyss:4)
  4 hungry ghosts
  Grum (D:8)
  2 golden eyes (Abyss:4)
  11 basilisks
  2 neqoxecs
  4 wargs
  A redback simulacrum (D:15)
  5 swamp worms
  An acid dragon (Vaults:2)
  3 soldier ants (Spider:2)
  16 water moccasins
  7 porcupines
  A black bear (Lair:6)
  5 sky beasts
  2 ice beasts
  Purgy (Sewer)
  36 orc warriors
  A phantom (D:4)
  An ogre (shapeshifter) (Vaults:1)
  A human zombie (Vaults:2)
  7 small abominations
  2 eyes of draining
  17 ogres
  68 wolves
  7 centaurs
  A boggart (Vaults:1)
  7 crocodiles
  13 bullfrogs
  A gnoll sergeant (Orc:1)
  A human skeleton (Vaults:2)
  2 earth elementals (Elf:1)
  6 scorpions
  8 electric eels
  8 wights
  5 crimson imps
  8 centaur zombies
  7 jellies
  A quasit (D:15)
  20 orc priests
  5 hounds
  Crazy Yiuf (D:7)
  4 centaur skeletons
  17 worker ants
  An iguana (D:8)
  34 orc wizards
  A killer bee zombie (D:8)
  4 big kobold zombies (Ossuary)
  A hound skeleton (D:11)
  4 mummies (Ossuary)
  2 worker ant zombies
  11 gnolls
  10 adders
  A river rat (D:3)
  7 shadow imps
  A white imp (Abyss:4)
  6 oozes
  5 adder zombies
  An adder skeleton (D:3)
  A worm (D:3)
  3 dart slugs
  5 leopard geckos
  101 orcs
  A ball python (D:3)
  3 bats
  10 giant cockroaches
  6 hobgoblins
  8 jackals
  12 kobolds
  2 quokkas
  9 frilled lizards
  6 goblins
  2 hobgoblin zombies (Ossuary)
  A jackal skeleton (D:5)
  A jackal zombie (D:7)
  A leopard gecko zombie (D:7)
  10 rats
  A fungus (Lair:5)
1185 creatures vanquished.

Vanquished Creatures (collateral kills)
  An oklob plant (Lair:5)
  A troll (Orc:1)
  2 yaks (Lair:5)
4 creatures vanquished.

Vanquished Creatures (others)
  A centaur warrior (Vaults:1)
  A queen ant (Spider:2)
  A raiju (Abyss:3)
  A tarantella (Spider:1)
  An earth elemental (Elf:1)
  A worker ant (Spider:2)
  An orc (Elf:1)
  11 fungi
  6 plants
24 creatures vanquished.

Grand Total: 1213 creatures vanquished

Notes
Turn   | Place    | Note
-------+----------+-------------------------------------------
     0 | D:1      | Rrauwl the Gnoll Warper began the quest for the Orb.
     0 | D:1      | Reached XP level 1. HP: 20/20 MP: 6/6
    69 | D:1      | Reached XP level 2. HP: 26/26 MP: 7/7
    73 | D:1      | Learned a level 2 spell: Blink
   323 | D:1      | Found a basalt altar of Yredelemnul.
   749 | D:2      | Reached skill level 5 in Spellcasting
   749 | D:2      | Reached XP level 3. HP: 22/31 MP: 7/9
   998 | D:2      | Reached skill level 1 in Invocations
  1010 | D:2      | Reached skill level 1 in Short Blades
  1010 | D:2      | Reached skill level 1 in Long Blades
  1010 | D:2      | Reached skill level 1 in Axes
  1010 | D:2      | Reached skill level 1 in Maces & Flails
  1010 | D:2      | Reached skill level 1 in Staves
  1010 | D:2      | Reached skill level 1 in Slings
  1010 | D:2      | Reached skill level 1 in Bows
  1010 | D:2      | Reached skill level 1 in Crossbows
  1010 | D:2      | Reached skill level 1 in Stealth
  1010 | D:2      | Reached skill level 1 in Shields
  1010 | D:2      | Reached skill level 1 in Unarmed Combat
  1010 | D:2      | Reached skill level 1 in Evocations
  1013 | D:2      | Reached XP level 4. HP: 14/38 MP: 11/11
  1652 | D:2      | Reached skill level 1 in Conjurations
  1652 | D:2      | Reached skill level 1 in Hexes
  1652 | D:2      | Reached skill level 1 in Charms
  1652 | D:2      | Reached skill level 1 in Summonings
  1652 | D:2      | Reached skill level 1 in Necromancy
  1652 | D:2      | Reached skill level 1 in Transmutations
  1652 | D:2      | Reached skill level 1 in Fire Magic
  1652 | D:2      | Reached skill level 1 in Ice Magic
  1652 | D:2      | Reached skill level 1 in Air Magic
  1652 | D:2      | Reached skill level 1 in Earth Magic
  1652 | D:2      | Reached skill level 1 in Poison Magic
  2176 | D:3      | Found a glowing drain.
  2182 | D:3      | Reached XP level 5. HP: 43/43 MP: 12/12
  2270 | Sewer    | Entered a sewer
  2303 | Sewer    | Noticed Purgy
  2428 | Sewer    | Killed Purgy
  2658 | Sewer    | Gained mutation: You are partially covered in yellow scales. (AC +2) [potion of mutation]
  2658 | Sewer    | Gained mutation: You are mostly covered in yellow scales. (AC +3) [potion of mutation]
  2773 | D:3      | Reached XP level 6. HP: 46/50 MP: 4/13
  3486 | D:4      | Noticed a phantom
  3513 | D:4      | Killed a phantom
  3513 | D:4      | Reached skill level 5 in Fighting
  3513 | D:4      | Reached skill level 5 in Polearms
  3513 | D:4      | Reached skill level 5 in Dodging
  3717 | D:4      | Reached XP level 7. HP: 47/56 MP: 5/15
  3724 | D:4      | Noticed MalkierKing's ghost (amateur MiFi)
  3742 | D:4      | Noticed Edmund
  4033 | D:4      | Found a snail-covered altar of Cheibriados.
  4041 | D:4      | Found Sumuis's Armour Emporium.
  4674 | D:4      | Found a hazy altar of Hepliaklqana.
  4683 | D:4      | Found a burning altar of Makhleb.
  4842 | D:5      | Entered Level 5 of the Dungeon
  4945 | D:5      | Found Uxkiog's Weapon Boutique.
  4950 | D:5      | Bought 6 tomahawks of dispersal for 126 gold pieces
  5147 | D:5      | Reached XP level 8. HP: 63/63 MP: 5/16
  5370 | D:5      | Learned a level 4 spell: Passage of Golubria
  5705 | D:5      | Found a staircase to the Ecumenical Temple.
  5715 | Temple   | Entered the Ecumenical Temple
  6035 | Temple   | Became a worshipper of Warmaster Okawaru
  6249 | D:5      | Found a glowing silver altar of Zin.
  6507 | D:6      | Reached * piety under Okawaru
  7628 | D:6      | Reached XP level 9. HP: 58/69 MP: 6/18
  8283 | D:7      | Reached ** piety under Okawaru
  8288 | D:7      | Reached skill level 5 in Throwing
  8288 | D:7      | Reached skill level 5 in Armour
  8345 | D:7      | Found a basalt altar of Yredelemnul.
  8349 | D:7      | Found a hide-covered altar of Uskayaw.
  8427 | D:7      | Found a runed door.
  8431 | D:7      | Noticed Crazy Yiuf
  8439 | D:7      | Killed Crazy Yiuf
  8516 | D:7      | Noticed a green ugly thing
  8535 | D:7      | Killed a green ugly thing
  8776 | D:7      | Found Mohoq's Weapon Shoppe.
  8882 | D:8      | Found a staircase to the Lair.
  8939 | D:8      | Reached skill level 5 in Invocations
  8949 | D:8      | Noticed MalkierKing's ghost (novice MiFi)
  9223 | D:8      | Noticed Grum
  9236 | D:8      | Killed Grum
  9258 | D:8      | Reached XP level 10. HP: 45/77 MP: 6/20
  9280 | D:8      | Found a sand-covered staircase.
  9341 | Ossuary  | Entered an ossuary
  9518 | Ossuary  | Reached *** piety under Okawaru
  9686 | D:8      | Killed MalkierKing's ghost
  9686 | D:8      | Reached skill level 5 in Short Blades
  9686 | D:8      | Reached skill level 5 in Long Blades
  9686 | D:8      | Reached skill level 5 in Axes
  9686 | D:8      | Reached skill level 5 in Maces & Flails
  9686 | D:8      | Reached skill level 5 in Staves
  9686 | D:8      | Reached skill level 5 in Slings
  9686 | D:8      | Reached skill level 5 in Bows
  9686 | D:8      | Reached skill level 5 in Crossbows
  9686 | D:8      | Reached skill level 5 in Stealth
  9686 | D:8      | Reached skill level 5 in Shields
  9686 | D:8      | Reached skill level 5 in Unarmed Combat
  9686 | D:8      | Reached skill level 5 in Evocations
  9772 | D:8      | Found a sacrificial altar of Ru.
 10120 | D:8      | Found a viscous altar of Jiyva.
 10474 | D:8      | Noticed a two-headed ogre
 10493 | D:8      | Killed a two-headed ogre
 10493 | D:8      | Reached **** piety under Okawaru
 10874 | D:9      | Found a glowing golden altar of the Shining One.
 10881 | D:9      | Noticed Prince Ribbit
 10969 | D:9      | Noticed kmx's ghost (novice DsFE)
 10987 | D:9      | Killed kmx's ghost
 10987 | D:9      | Received a gift from Okawaru
 11076 | D:9      | Received a gift from Okawaru
 11093 | D:9      | Reached XP level 11. HP: 63/84 MP: 6/22
 11128 | D:9      | Killed Prince Ribbit
 11157 | D:9      | Found a shattered altar of Ashenzari.
 11183 | D:9      | Learned a level 4 spell: Sticky Flame
 11193 | D:9      | Noticed a two-headed ogre
 11203 | D:9      | Killed a two-headed ogre
 11203 | D:9      | Reached ***** piety under Okawaru
 11203 | D:9      | Received a gift from Okawaru
 11206 | D:9      | Got a jewelled arbalest {god gift}
 11213 | D:9      | Identified the +1 arbalest "Doth" {freeze, Stlth+} (Okawaru gifted it to you on level 9 of the Dungeon)
 11454 | Lair:1   | Entered Level 1 of the Lair of Beasts
 11691 | Lair:1   | Reached skill level 5 in Conjurations
 11691 | Lair:1   | Reached skill level 5 in Hexes
 11691 | Lair:1   | Reached skill level 5 in Charms
 11691 | Lair:1   | Reached skill level 5 in Summonings
 11691 | Lair:1   | Reached skill level 5 in Necromancy
 11691 | Lair:1   | Reached skill level 5 in Transmutations
 11691 | Lair:1   | Reached skill level 5 in Fire Magic
 11691 | Lair:1   | Reached skill level 5 in Ice Magic
 11691 | Lair:1   | Reached skill level 5 in Air Magic
 11691 | Lair:1   | Reached skill level 5 in Earth Magic
 11691 | Lair:1   | Reached skill level 5 in Poison Magic
 11933 | Lair:1   | Noticed a seven-headed hydra
 12290 | D:10     | Entered Level 10 of the Dungeon
 12532 | D:10     | Found a blossoming altar of Fedhas.
 12892 | D:10     | Got a pair of polished boots
 12898 | D:10     | Identified the +0 pair of boots of Classification {Int+2} (You found it on level 10 of the Dungeon)
 13510 | D:11     | Noticed a manticore
 13729 | D:11     | Killed a manticore
 14304 | D:11     | Noticed an eight-headed hydra
 14337 | D:11     | Killed an eight-headed hydra
 14337 | D:11     | Received a gift from Okawaru
 14878 | D:11     | Noticed a manticore
 14885 | D:11     | Noticed a green ugly thing
 15031 | D:11     | Killed a green ugly thing
 15234 | D:11     | Killed a manticore
 15323 | D:11     | Found a staircase to the Orcish Mines.
 15398 | D:12     | Found a frozen archway.
 15419 | D:12     | Received a gift from Okawaru
 15422 | D:12     | Identified the +7 great mace of Trial by Ordeal {flame, +Blink rC+ MR+ Int-3} (Okawaru gifted it to you on level 12 of the Dungeon)
 15553 | IceCv    | Entered an ice cave
 15783 | IceCv    | Reached XP level 12. HP: 93/93 MP: 24/24
 16876 | IceCv    | Received a gift from Okawaru
 17002 | IceCv    | Noticed a death yak
 17020 | IceCv    | Killed a death yak
 17025 | IceCv    | Received a gift from Okawaru
 17038 | IceCv    | Reached ****** piety under Okawaru
 17207 | IceCv    | Noticed a frost giant
 17207 | IceCv    | Noticed a death yak
 17219 | IceCv    | Killed a frost giant
 17523 | IceCv    | Killed a death yak
 17523 | IceCv    | Received a gift from Okawaru
 17824 | D:12     | Reached XP level 13. HP: 101/101 MP: 6/26
 17859 | D:12     | Identified a scroll of acquirement
 18488 | D:12     | Found Guor's Magic Scroll Emporium.
 18496 | D:12     | Bought a scroll of noise for 13 gold pieces
 18496 | D:12     | Bought a scroll of enchant armour for 97 gold pieces
 18496 | D:12     | Bought a scroll of enchant armour for 97 gold pieces
 18496 | D:12     | Bought a scroll of remove curse for 39 gold pieces
 20132 | Lair:2   | Received a gift from Okawaru
 22030 | Lair:3   | Found a staircase to the Swamp.
 23104 | Lair:4   | Found a hole to the Spider Nest.
 23250 | Lair:4   | Found a dark tunnel.
 23425 | Volcano  | Entered a volcano
 23465 | Volcano  | Identified the cursed -2 pair of boots of the Shining Light {rCorr} (You found it in a volcano)
 23533 | Volcano  | Received a gift from Okawaru
 23859 | Lair:4   | Learned a level 2 spell: Passwall
 23862 | Lair:4   | Learned a level 2 spell: Swiftness
 23868 | Lair:4   | Learned a level 5 spell: Lee's Rapid Deconstruction
 24549 | Lair:5   | Learned a level 4 spell: Summon Ice Beast
 24551 | Lair:5   | Found a bloodstained altar of Trog.
 24581 | Lair:5   | Reached skill level 10 in Spellcasting
 24614 | Lair:5   | Reached XP level 14. HP: 109/109 MP: 28/28
 24803 | Lair:5   | Reached skill level 10 in Fighting
 24803 | Lair:5   | Reached skill level 10 in Polearms
 24803 | Lair:5   | Reached skill level 10 in Dodging
 25526 | Lair:5   | Found a viscous altar of Jiyva.
 25526 | Lair:5   | Found a staircase to the Slime Pits.
 25774 | Lair:6   | Entered Level 6 of the Lair of Beasts
 25987 | Lair:6   | Received a gift from Okawaru
 26353 | Lair:6   | Reached skill level 10 in Invocations
 26577 | Lair:6   | Received a gift from Okawaru
 26578 | Lair:6   | Noticed a dire elephant
 26592 | Lair:6   | Killed a dire elephant
 28305 | D:13     | Found Qaseiwka's Jewellery Shoppe.
 28308 | D:13     | Bought the ring "Byozxaij" {Wiz rElec} for 616 gold pieces
 28563 | D:14     | Found a shadowy altar of Dithmenos.
 28587 | D:14     | Reached XP level 15. HP: 117/117 MP: 29/29
 28718 | D:14     | Found a gate to the Vaults.
 29045 | D:14     | Reached skill level 10 in Throwing
 29045 | D:14     | Reached skill level 10 in Armour
 29225 | D:14     | Identified Firri's Guide on Combat Magic
 29274 | D:14     | Received a gift from Okawaru
 29434 | D:14     | Found Mewuoq's Armour Boutique.
 29838 | D:15     | Entered Level 15 of the Dungeon
 30175 | D:15     | Learned a level 5 spell: Silence
 30295 | D:15     | Reached skill level 10 in Translocations
 30440 | D:15     | Found a staircase to the Depths.
 30538 | D:15     | Found Naess's Distillery.
 30557 | D:15     | Received a gift from Okawaru
 30569 | D:15     | Bought a potion of heal wounds for 80 gold pieces
 30569 | D:15     | Bought a potion of heal wounds for 80 gold pieces
 30569 | D:15     | Bought a potion of heal wounds for 80 gold pieces
 30606 | D:15     | Reached skill level 10 in Short Blades
 30606 | D:15     | Reached skill level 10 in Long Blades
 30606 | D:15     | Reached skill level 10 in Axes
 30606 | D:15     | Reached skill level 10 in Maces & Flails
 30606 | D:15     | Reached skill level 10 in Staves
 30606 | D:15     | Reached skill level 10 in Slings
 30606 | D:15     | Reached skill level 10 in Bows
 30606 | D:15     | Reached skill level 10 in Crossbows
 30606 | D:15     | Reached skill level 10 in Stealth
 30606 | D:15     | Reached skill level 10 in Shields
 30606 | D:15     | Reached skill level 10 in Unarmed Combat
 30606 | D:15     | Reached skill level 10 in Evocations
 30652 | D:15     | Received a gift from Okawaru
 31187 | Orc:1    | Entered Level 1 of the Orcish Mines
 31187 | Orc:1    | Noticed Fannar
 31206 | Orc:1    | Killed Fannar
 31341 | Orc:1    | Found a roughly hewn altar of Beogh.
 31376 | Orc:1    | Noticed Josephine
 31415 | Orc:1    | Killed Josephine
 31983 | Orc:2    | Entered Level 2 of the Orcish Mines
 32136 | Orc:2    | Found Woytinnepoe's Armour Shop.
 32233 | Orc:2    | Received a gift from Okawaru
 32660 | Orc:2    | Found a staircase to the Elven Halls.
 32681 | Orc:2    | Received a gift from Okawaru
 32858 | Orc:2    | Found Vemnol's Antique Armour Shop.
 32865 | Orc:2    | Bought a brightly glowing ring mail for 306 gold pieces
 32879 | Orc:2    | Identified the +5 ring mail "Xyguro" {rElec MR+ Int+6} (You bought it in a shop on level 2 of the Orcish Mines)
 32882 | Orc:2    | Bought a runed shield for 255 gold pieces
 32895 | Orc:2    | Bought a smoking helmet for 323 gold pieces
 32906 | Orc:2    | Identified the cursed +0 helmet of Fashionability {+Blink rPois Str-2} (You bought it in a shop on level 2 of the Orcish Mines)
 32933 | Orc:2    | Found an ancient bone altar of Kikubaaqudgha.
 32945 | Orc:2    | Found Usixoen's Distillery.
 33004 | Orc:2    | Found a radiant altar of Vehumet.
 33033 | Orc:2    | Reached XP level 16. HP: 108/125 MP: 31/31
 33044 | Orc:2    | Bought 2 potions of heal wounds for 110 gold pieces
 33044 | Orc:2    | Bought a potion of heal wounds for 55 gold pieces
 33078 | Orc:2    | Found a roughly hewn altar of Beogh.
 33078 | Orc:2    | Found Bemen's Distillery.
 33150 | Orc:2    | Found Galeocoe's Book Shop.
 33152 | Orc:2    | Bought a potion of heal wounds for 80 gold pieces
 33909 | Spider:1 | Entered Level 1 of the Spider Nest
 33977 | Spider:1 | Received a gift from Okawaru
 34226 | Spider:1 | Received a gift from Okawaru
 34890 | Spider:1 | You fall through a shaft!
 35169 | Spider:1 | Received a gift from Okawaru
 35390 | Spider:1 | Received a gift from Okawaru
 35686 | Spider:2 | Paralysed by a hornet for 1 turns
 37159 | Spider:2 | Received a gift from Okawaru
 37376 | Spider:3 | Noticed Donald
 37388 | Spider:3 | Killed Donald
 37551 | Spider:3 | Reached XP level 17. HP: 117/133 MP: 33/33
 37912 | Spider:3 | Received a gift from Okawaru
 37917 | Spider:3 | Noticed Arachne
 37950 | Spider:3 | Killed Arachne
 38021 | Spider:3 | Learned a level 6 spell: Bolt of Fire
 38418 | Spider:3 | Received a gift from Okawaru
 38868 | Spider:3 | Found a roughly hewn altar of Beogh.
 39135 | Spider:4 | Entered Level 4 of the Spider Nest
 39183 | Spider:4 | Received a gift from Okawaru
 39328 | Spider:4 | Noticed Agnes
 39347 | Spider:4 | Killed Agnes
 39347 | Spider:4 | Received a gift from Okawaru
 39389 | Spider:4 | Got a brightly glowing helmet {god gift}
 39400 | Spider:4 | Identified the -3 helmet of Wonder {rPois rN++} (Okawaru gifted it to you on level 4 of the Spider Nest)
 39498 | Spider:4 | Noticed Asterion
 40760 | Spider:4 | Reached skill level 10 in Conjurations
 40760 | Spider:4 | Reached skill level 10 in Hexes
 40760 | Spider:4 | Reached skill level 10 in Charms
 40760 | Spider:4 | Reached skill level 10 in Summonings
 40760 | Spider:4 | Reached skill level 10 in Necromancy
 40760 | Spider:4 | Reached skill level 10 in Transmutations
 40760 | Spider:4 | Reached skill level 10 in Fire Magic
 40760 | Spider:4 | Reached skill level 10 in Ice Magic
 40760 | Spider:4 | Reached skill level 10 in Air Magic
 40760 | Spider:4 | Reached skill level 10 in Earth Magic
 40760 | Spider:4 | Reached skill level 10 in Poison Magic
 40775 | Spider:4 | Got a gossamer rune of Zot
 40828 | Spider:4 | Received a gift from Okawaru
 40831 | Spider:4 | Identified the +1 ring mail of Fortitude {Regen+ rCorr Int+3 Dex-5} (Okawaru gifted it to you on level 4 of the Spider Nest)
 41384 | Depths:1 | Entered Level 1 of the Depths
 41430 | Depths:1 | Noticed tensugalgo's ghost (adept DsFi)
 41645 | Elf:1    | Entered Level 1 of the Elven Halls
 41752 | Elf:1    | Reached XP level 18. HP: 141/141 MP: 34/34
 42366 | Elf:1    | Cast into level 3 of the Abyss (a deep elf demonologist)
 43089 | Abyss:3  | Noticed an ancient lich
 43267 | Abyss:4  | Received a gift from Okawaru
 43568 | Elf:1    | Escaped the Abyss
 43991 | Vaults:1 | Entered Level 1 of the Vaults
 43994 | Vaults:1 | Found Runoox's Antique Weapon Shop.
 44071 | Vaults:1 | Found Jodiluut's Assorted Antiques.
 44132 | Vaults:1 | Found Bojex's Assorted Antiques.
 44139 | Vaults:1 | Bought a potion of haste for 370 gold pieces
 44739 | Vaults:1 | Found Ijogueg's Antique Armour Boutique.
 44743 | Vaults:1 | Bought a pair of bloodstained gloves for 199 gold pieces
 44765 | Vaults:1 | Identified the +0 pair of gloves "Zeyqag" {rCorr Int+6 Slay+3} (You bought it in a shop on level 1 of the Vaults)
 45287 | Vaults:1 | Found Eliotz's Antique Armour Shop.
 45658 | Vaults:2 | Received a gift from Okawaru
 45922 | Vaults:2 | Received a gift from Okawaru
 46064 | Vaults:2 | Lost mutation: You are mostly covered in yellow scales. (AC +3) [potion of mutation]
 46064 | Vaults:2 | Lost mutation: You are partially covered in yellow scales. (AC +2) [potion of mutation]
 46064 | Vaults:2 | Gained mutation: You have a pair of small antennae on your head. [potion of mutation]
 46064 | Vaults:2 | Gained mutation: Your mind is acute. (Int +2) [potion of mutation]
 46064 | Vaults:2 | Gained mutation: You have an increased reservoir of magic. (+10% MP) [potion of mutation]
 46065 | Vaults:2 | Gained mutation: You are clumsy. (Dex -2) [potion of mutation]
 46065 | Vaults:2 | Gained mutation: You possess an exceptional clarity of mind. [potion of mutation]
 46065 | Vaults:2 | Gained mutation: Your mind is very acute. (Int +4) [potion of mutation]
 46065 | Vaults:2 | Gained mutation: You are partially covered in rugged brown scales. (AC +1, +3% HP) [potion of mutation]
 46241 | Vaults:2 | Reached XP level 19. HP: 148/153 MP: 39/39
 46917 | Lair:1   | Learned a level 6 spell: Bolt of Cold
 47468 | Vaults:3 | Received a gift from Okawaru
 47630 | Vaults:3 | Received a gift from Okawaru
 47969 | Vaults:3 | Noticed Mara
 48007 | Vaults:3 | Noticed Rrauwl's illusion
 48055 | Vaults:3 | Noticed Rrauwl's illusion
 48087 | Vaults:3 | Noticed Rrauwl's illusion
 48143 | Vaults:3 | Slain by Mara (illusionary)

Skill      XL: |  1  2  3  4  5  6  7  8  9 10 11 12 13 14 15 16 17 18 |
---------------+-------------------------------------------------------+-----
Spellcasting   | 5 6 7 8 9 10 11 12 13 | 13.3
Invocations    | 1 2 3 4 5 6 7 8 9 10 11 12 13 | 13.5
Short Blades   | 1 2 3 4 5 6 7 8 9 10 11 12 | 12.5
Long Blades    | 1 2 3 4 5 6 7 8 9 10 11 12 | 12.5
Axes           | 1 2 3 4 5 6 7 8 9 10 11 12 | 12.5
Maces & Flails | 1 2 3 4 5 6 7 8 9 10 11 12 | 12.5
Staves         | 1 2 3 4 5 6 7 8 9 10 11 12 | 12.5
Slings         | 1 2 3 4 5 6 7 8 9 10 11 12 | 12.5
Bows           | 1 2 3 4 5 6 7 8 9 10 11 12 | 12.5
Crossbows      | 1 2 3 4 5 6 7 8 9 10 11 12 | 12.5
Stealth        | 1 2 3 4 5 6 7 8 9 10 11 12 | 12.5
Shields        | 1 2 3 4 5 6 7 8 9 10 11 12 | 12.5
Unarmed Combat | 1 2 3 4 5 6 7 8 9 10 11 12 | 12.5
Evocations     | 1 2 3 4 5 6 7 8 9 10 11 12 | 12.5
Conjurations   | 1 2 3 4 5 6 7 8 9 10 | 10.7
Hexes          | 1 2 3 4 5 6 7 8 9 10 | 10.7
Charms         | 1 2 3 4 5 6 7 8 9 10 | 10.7
Summonings     | 1 2 3 4 5 6 7 8 9 10 | 10.7
Necromancy     | 1 2 3 4 5 6 7 8 9 10 | 10.7
Transmutations | 1 2 3 4 5 6 7 8 9 10 | 10.9
Fire Magic     | 1 2 3 4 5 6 7 8 9 10 | 10.7
Ice Magic      | 1 2 3 4 5 6 7 8 9 10 | 10.7
Air Magic      | 1 2 3 4 5 6 7 8 9 10 | 10.7
Earth Magic    | 1 2 3 4 5 6 7 8 9 10 | 10.7
Poison Magic   | 1 2 3 4 5 6 7 8 9 10 | 10.7
Throwing       | 3 4 5 6 7 8 9 10 11 12 | 12.7
Armour         | 3 4 5 6 7 8 9 10 11 12 | 12.7
Fighting       | 5 6 7 8 9 10 11 12 13 | 13.2
Polearms       | 5 6 7 8 9 10 11 12 13 | 13.2
Dodging        | 5 6 7 8 9 10 11 12 13 | 13.2
Translocations | 6 7 8 9 10 11 | 11.9

Action                   |  1- 3 |  4- 6 |  7- 9 | 10-12 | 13-15 | 16-18 | 19-21 || total
-------------------------+-------+-------+-------+-------+-------+-------+-------++-------
Melee: Spear             |   111 |   218 |       |       |       |       |       ||   329
       Bite              |    12 |    31 |    58 |   155 |   421 |   524 |    55 ||  1256
       Demon whip        |       |    94 |   523 |   689 |  2534 |  3119 |   388 ||  7347
       Great mace        |       |       |       |   195 |       |       |       ||   195
 Fire: Hand crossbow     |       |       |       |       |    18 |       |       ||    18
Throw: Tomahawk          |       |       |     2 |       |       |       |       ||     2
       Throwing net      |       |       |     2 |       |       |       |     2 ||     4
 Cast: Blink             |       |     7 |     6 |     2 |       |     1 |       ||    16
       Passage of Golubr |       |       |     2 |     1 |       |       |       ||     3
       Summon Ice Beast  |       |       |       |       |     8 |     2 |       ||    10
       Sticky Flame      |       |       |       |       |       |    15 |       ||    15
       Bolt of Fire      |       |       |       |       |       |     9 |       ||     9
       Silence           |       |       |       |       |       |     7 |     5 ||    12
Invok: Heroism           |       |       |     7 |    28 |    47 |    47 |     6 ||   135
       Finesse           |       |       |       |     1 |     2 |     4 |     1 ||     8
 Abil: Evoke Flight      |       |       |       |       |       |     2 |       ||     2
Evoke: Wand              |       |       |     5 |    13 |     9 |    20 |       ||    47
       Lightning rod     |       |       |       |       |       |     6 |       ||     6
  Use: Scroll            |       |     8 |     4 |    10 |    22 |    11 |     2 ||    57
       Potion            |       |     7 |     4 |     8 |     7 |    25 |    16 ||    67
 Stab: Sleeping          |     2 |     8 |     8 |    15 |    20 |    23 |     5 ||    81
       Paralysed         |       |       |     5 |       |       |       |       ||     5
       Distracted        |       |       |       |     3 |     6 |     9 |       ||    18
       Petrified         |       |       |       |       |    24 |       |       ||    24
       Petrifying        |       |       |       |       |     2 |       |       ||     2
       Held in net/web   |       |       |       |       |       |       |     1 ||     1
  Eat: Chunk             |       |     6 |     9 |     7 |    24 |    16 |     2 ||    64
       Ration            |       |     1 |     4 |     6 |    10 |     9 |     1 ||    31
Armor: Leather armour    |    12 |    44 |    58 |   109 |    69 |       |       ||   292
       Skin              |       |       |       |    15 |       |       |       ||    15
       Ring mail         |       |       |       |       |   320 |   790 |    32 ||  1142
Dodge: Dodged            |    42 |   163 |   245 |   435 |  1178 |  1903 |    93 ||  4059
Block: Buckler           |    11 |    54 |   105 |   150 |   634 |       |       ||   954
       Shield            |       |       |       |       |    35 |  1941 |   165 ||  2141
       Reflection        |       |       |       |       |       |    25 |     4 ||    29
